 Dungeon Crawl Stone Soup version 0.16.1-5-gaa23807 (webtiles) character file.

280 Chiseanne the Insei (level 6, -9/32 HPs)
             Began as a Vine Stalker Monk on Mar 28, 2015.
             Mangled by Menkaure (16 damage)
             ... on level 5 of the Dungeon.
             The game lasted 00:08:08 (3360 turns).

Chiseanne the Insei (Vine Stalker Monk)             Turns: 3360, Time: 00:08:08

Health: -9/32      AC:  8    Str: 14    XL:     6   Next: 27%
Magic:  0/8        EV: 11    Int: 10    God:
Gold:   259        SH:  0    Dex: 18    Spells: 0 memorised, 5 levels left

rFire  . . .     SeeInvis .       - Unarmed
rCold  + . .     Clarity  .     t - +0 scale mail
rNeg   . . .     SustAb   +     (no shield)
rPois  .         Gourm    .     v - +0 helmet
rElec  .         Spirit   +     (no cloak)
rCorr  .         Warding  .     (no gloves)
rMut   .         Stasis   .     s - +0 pair of boots
MR     .....                    (no amulet)
Stlth  +.........               k - ring of sustain abilities
                                e - ring of protection from cold

@: not resistant to hostile enchantments, very unstealthy
A: fangs 2, regeneration 2, magic shield, antimagic bite, no device heal 3, rot
immunity
a: no special abilities


You were on level 5 of the Dungeon.
You were not hungry.

You visited 1 branch of the dungeon, and saw 5 of its levels.

You collected 259 gold pieces.

Inventory:

Missiles
 m - 2 javelins (quivered)
Armour
 s - a +0 pair of boots (worn)
 t - a +0 scale mail (worn)
 v - a +0 helmet (worn)
Jewellery
 e - a ring of protection from cold (left hand)
 k - a ring of sustain abilities (right hand)
Magical devices
 u - a wand of confusion (21)
Scrolls
 c - 4 scrolls of remove curse {unknown}
 g - a scroll of magic mapping {unknown}
 i - 2 scrolls of identify {unknown}
 j - 2 scrolls of enchant weapon {unknown}
 o - a scroll of noise {unknown}
 q - a scroll of recharging {unknown}
 r - a scroll of blinking {unknown}
 w - a scroll of teleportation {unknown}
Potions
 a - a potion of degeneration {unknown}
 l - a potion of brilliance {unknown}
 n - 3 potions of mutation {unknown}
 x - 2 potions of curing
Comestibles
 b - 2 bread rations
 d - a meat ration
 f - 3 fruits
 h - a slice of pizza
 p - a beef jerky


   Skills:
 * Level 3.6 Fighting
 * Level 1.2 Armour
 * Level 3.8 Dodging
 - Level 2.4 Stealth
 * Level 5.4 Unarmed Combat


You had 5 spell levels left.
You didn't know any spells.

Dungeon Overview and Level Annotations

Branches:
Dungeon (5/15)
 Temple: D:4-7

Altars:
Okawaru
Ru
Sif Muna

Annotations:
D:4 Prince Ribbit
D:5 Menkaure


Innate Abilities, Weirdness & Mutations

You have extremely sharp teeth.
You heal very quickly.
When hurt, damage is shared between your health and your magic reserves.
Your bite disrupts and absorbs the magic of your enemies.
Potions and wands cannot restore your health.
You are immune to rotting.


Message History

Menkaure is nearby!
Menkaure is nearby!
Menkaure is nearby!
A shadow imp comes into view.
The shadow imp shouts, "Give up, thou beslubbering tip-merry canker-blossom!"
Menkaure hits you!
You hit Menkaure. Your bite misses Menkaure.
Menkaure is moderately damaged.
Menkaure gestures wildly while chanting.
Menkaure seems to speed up.
You hit Menkaure. You bite Menkaure.
Menkaure's magic leaks into the air.
You drain his magic.
You feel invigorated.
Menkaure is severely damaged.
Menkaure hits you!!
* * * LOW HITPOINT WARNING * * *
You barely miss Menkaure.
Menkaure is severely damaged.
Menkaure hits you!!
Ouch! That really hurt!
You die...

.. .#.### ..#.. # ###.#.#
#### ...#..5#.#######
...# #.#...........# ##.#
##...#.5...# #.#
#......#.#.###.#### #.#
#.#.#..#..@M.......
##.####...............<##
........#.#......#####.#
............##..##
##.###.##.####..# #..#
#..........#
#..###.########.#
...[...# #.# ####.### .#


You could see Menkaure and a shadow imp.

Vanquished Creatures
  A crimson imp (D:5)
  An orc priest (D:3)
  A centaur skeleton (D:5)
  An orc wizard (D:4)
  Terence (D:3)
  5 adders
  A worm (D:3)
  3 giant geckos
  12 orcs
  A bat zombie (D:3)
  A giant cockroach (D:1)
  5 hobgoblins
  14 jackals
  10 kobolds
  2 quokkas
  12 bats
  5 giant newts
  7 goblins
  10 rats
93 creatures vanquished.

Notes
Turn   | Place    | Note
--------------------------------------------------------------
     0 | D:1      | Chiseanne, the Vine Stalker Monk, began the quest for the Orb.
     0 | D:1      | Reached XP level 1. HP: 11/11 MP: 1/1
    99 | D:1      | Reached XP level 2. HP: 13/16 MP: 3/3
   342 | D:1      | Reached XP level 3. HP: 13/19 MP: 2/4
  1138 | D:2      | Reached XP level 4. HP: 18/23 MP: 5/5
  2071 | D:3      | Noticed Terence
  2109 | D:3      | Killed Terence
  2121 | D:3      | Reached skill level 5 in Unarmed Combat
  2121 | D:3      | Reached XP level 5. HP: 23/28 MP: 7/7
  2228 | D:3      | Found a sacrificial altar of Ru.
  2476 | D:3      | Found a deep blue altar of Sif Muna.
  2742 | D:4      | Reached skill level 1 in Armour
  2823 | D:4      | Noticed Prince Ribbit
  2830 | D:5      | Entered Level 5 of the Dungeon
  3095 | D:5      | Gained mutation: You heal very quickly. [vine stalker growth]
  3095 | D:5      | Reached XP level 6. HP: 22/32 MP: 8/8
  3149 | D:5      | Found an iron altar of Okawaru.
  3351 | D:5      | Noticed Menkaure
  3360 | D:5      | Mangled by Menkaure

Action                   |  1- 3 |  4- 6 || total
-------------------------+-------+-------++-------
Melee: Unarmed           |   141 |   212 ||   353
Throw: Javelin           |     2 |       ||     2
  Use: Potion            |     1 |       ||     1
 Stab: Sleeping          |     1 |     1 ||     2
  Eat: Chunk             |     1 |     7 ||     8
